 Dungeon Crawl Stone Soup version 0.31.0-9-g3a7656b989 (webtiles) character file.

Game seed: 3312285662918846576

67 qw the Shooter (level 4, -1/22 HPs)
             Began as a Spriggan Hunter on Feb 2, 2024.
             Slain by a gnoll
             ... wielding a +0 club
              (4 damage)
             ... on level 2 of the Dungeon.
             The game lasted 00:00:03 (1130 turns).

qw the Shooter (Spriggan Hunter)                    Turns: 1130, Time: 00:00:03

Health: -1/22      AC:  2    Str:  7    XL:     4   Next: 0%
Magic:  5/5        EV: 19    Int: 10    God:
Gold:   70         SH:  0    Dex: 20    Spells: 3/3 levels left

rFire   + . .        a - +0 shortbow
rCold   . . .        (shield currently unavailable)
rNeg    . . .        c - +0 robe
rPois   .            (helmet restricted)
rElec   .            (no cloak)
rCorr   .            (gloves unavailable)
SInv    +            (boots unavailable)
Will    .....        (no amulet)
Stlth   ++           f - ring of protection from fire
HPRegen 0.23/turn    (no ring)
MPRegen 0.09/turn

%: no passive effects
@: very quick
A: very small, no large weapons, unfitting armour, see invisible, speed 3
a: no special abilities


You were on level 2 of the Dungeon.
You visited 1 branch of the dungeon, and saw 2 of its levels.

You collected 70 gold pieces.


Innate Abilities, Weirdness & Mutations

You are very small and have problems with some larger weapons.
You are too small for most types of armour.
You have supernaturally acute eyesight. (SInv)
You cover ground extremely quickly. (Speed+++)


   Skills:
 - Level 1.5 Fighting
 - Level 5.1 Ranged Weapons
 + Level 4.0 Dodging
 - Level 1.5 Stealth


You had 3 spell levels left.
You didn't know any spells.
Your spell library was empty.

Inventory:

Hand Weapons
 a - a +0 shortbow (weapon)
Armour
 c - a +0 robe (worn)
Jewellery
 d - a ring of positive energy
 f - a ring of protection from fire (left hand)
Scrolls
 b - a scroll of torment {unknown}
Potions
 e - a potion of curing

Dungeon Overview and Level Annotations

Branches:
Dungeon (2/15)

Altars:

Shops:
D:1 [


Message History

You shoot an arrow. The arrow hits the gnoll!
The gnoll is heavily wounded.
A quokka comes into view.
A gnoll comes into view. It is wielding a +0 club.
You shoot an arrow. The gnoll shouts!
The arrow hits the gnoll!
You kill the gnoll!
Your Ranged Weapons skill increases to level 5!
You have reached level 4!
You shoot an arrow. The arrow barely misses the quokka.
You shoot an arrow.
The arrow hits the quokka but does no damage.
A gnoll comes into view. It is wielding a +0 spear.
You shoot an arrow. The arrow closely misses the quokka.
You shoot an arrow. The arrow barely misses the quokka.
The arrow barely misses the gnoll.
The quokka misses you. The quokka bites you.
You shoot an arrow. The arrow barely misses the gnoll.
The gnoll closely misses you. The quokka bites you.
You shoot an arrow. The arrow barely misses the gnoll.
The quokka twitches its whiskers.
The quokka bites you but does no damage.
The gnoll misses you.
You shoot an arrow.
The arrow hits the gnoll but does no damage.
The quokka bites you. The gnoll closely misses you. The quokka bites you.
You shoot an arrow. The arrow barely misses the gnoll.
The gnoll hits you from afar with a +0 spear!
The gnoll closely misses you. The quokka closely misses you.
You shoot an arrow. The arrow hits the gnoll.
The gnoll is moderately wounded.
The gnoll hits you but does no damage. The gnoll closely misses you.
The quokka closely misses you. The gnoll misses you.
The gnoll closely misses you.
You shoot an arrow. The arrow hits the gnoll.
The gnoll is heavily wounded.
The quokka closely misses you. The gnoll misses you.
The gnoll hits you with a +0 club.
You die...

.#.# .#.# #... ##.#
#... ...## #..# .
##..## #..# .. #...#
#..###... #.#.#
#........ #.#.#####
##.g...)..
#.#.....######.@rg.....
#.#####...<..>.########
#.# #######.## #.# #.#
#. #.# #.# #.# #># #.#


You could see 2 gnolls and a quokka.

Vanquished Creatures
  2 gnolls
  An adder (D:2)
  6 bats
  3 endoplasms (D:2)
  2 giant cockroaches
  4 goblins
  3 hobgoblins
  3 quokkas (D:1)
  3 ball pythons (D:1)
  3 frilled lizards
  3 kobolds (D:1)
  3 rats (D:1)
36 creatures vanquished.

Notes
Turn   | Place    | Note
-------+----------+-------------------------------------------
     0 | D:1      | qw the Spriggan Hunter began the quest for the Orb.
     0 | D:1      | Reached XP level 1. HP: 10/10 MP: 2/2
     0 | D:1      | 0 ||| qw: Version: 0.3-a-155-g5e7d8dd
     0 | D:1      | 0 ||| qw: Game counter: 1766
     0 | D:1      | 0 ||| qw: Melee chars always use a shield: true
     0 | D:1      | 0 ||| qw: God list: Okawaru
     0 | D:1      | 0 ||| qw: Allow faded altars: false
     0 | D:1      | 0 ||| qw: Do Orc after clearing Dungeon:15 true
     0 | D:1      | 0 ||| qw: Do second Lair branch before Depths: true
     0 | D:1      | 0 ||| qw: Lair rune preference: random
     0 | D:1      | 0 ||| qw: Goals: Normal
     0 | D:1      | 0 ||| PLANNING D:1-11
    33 | D:1      | Reached skill level 3 in Dodging
   132 | D:1      | Noticed a centaur
   186 | D:1      | Reached XP level 2. HP: 14/14 MP: 3/3
   320 | D:1      | Found Luvuzon's Antique Armour Shoppe.
   338 | D:1      | 338 ||| READING scroll labelled XUIFOTRA SAMIL.
   491 | D:1      | Reached XP level 3. HP: 18/18 MP: 4/4
   655 | D:1      | Found a faded altar of an unknown god.
   866 | D:1      | 866 ||| UPGRADING to ring of protection from fire.
   867 | D:1      | 867 ||| READING scroll labelled OKIPPE NYARGH.
   870 | D:1      | 870 ||| DRINKING 2 coppery potions.
   871 | D:1      | 871 ||| DROPPING scroll of butterflies.
  1121 | D:2      | Reached skill level 5 in Ranged Weapons
  1121 | D:2      | Reached XP level 4. HP: 22/22 MP: 5/5
  1128 | D:2      | HP: 3/22 [gnoll/+0 spear (9)]
  1130 | D:2      | Slain by a gnoll

Levels and vault maps discovered:
D:1:      evilmike_arrival_come_back, layout_basic,
          shapermc_ecumenical_altar_ellora, serial_shops, shop, nrook_uturn
D:2:      layout_basic, kennysheep_boxes

Skill      XL: |  1  2  3 |
---------------+----------+-----
Dodging        | 3 4 |  4.0
Ranged Weapons | 5 |  5.1
Fighting       | |  1.5
Stealth        | |  1.5

Action                     |  1- 3 |  4- 6 || total
---------------------------+-------+-------++-------
   Fire: Shortbow          |   101 |    10 ||   111
    Use: Scroll            |     2 |       ||     2
         Potion            |     1 |       ||     1
 Armour: Robe              |     9 |     8 ||    17
  Dodge: Dodged            |    28 |    12 ||    40

Table legend:
 A = Non-vault XP
 B = Vault XP
 C = Vault XP percentage of total XP
 D = Non-vault monster count
 E = Vault monster count
 F = Vault count percentage of total count
                 A         B        C        D         E       F
            +---------+---------+-------+---------+---------+-------
      Total |      97 |       0 |   0.0 |      36 |       0 |   0.0
            +---------+---------+-------+---------+---------+-------
        D:1 |      48 |       0 |   0.0 |      23 |       0 |   0.0
        D:2 |      49 |       0 |   0.0 |      13 |       0 |   0.0
            +---------+---------+-------+---------+---------+-------
